[Event "Early-Titled-Tuesday-Blitz-May-28-2024"]
[Site "Chess.com"]
[Date "2024.05.28"]
[Round "3"]
[White "Szachulec75"]
[Black "Pitomina"]
[Result "0-1"]
[WhiteElo "2173"]
[BlackElo "2496"]
[TimeControl "180+1"]
[EndTime "8:24:59 PDT"]
[Termination "Pitomina won by resignation"]

1. Nf3 Nc6 2. g3 e5 3. Bg2 e4 4. Ng1 d5 5. d3 Nf6 6. Nc3 exd3 7.
cxd3 d4 8. Ne4 Nxe4 9. Bxe4 Bd6 10. Bg2 O-O 11. Nf3 Re8 12. O-O Bg4 13. a3 Qe7 14. Re1 Rad8 15. b4 a6 16. Bb2 Qf6 17. e4 Ne5 18.
Bxd4 Bxf3 19. Bxe5 Bxe5 20. Qxf3 Bxa1 21. Rxa1 0-1

[Event "Early-Titled-Tuesday-Blitz-May-28-2024"]
[Site "Chess.com"]
[Date "2024.05.28"]
[Round "3"]
[White "Me_ch_an"]
[Black "ValeriyGrinev"]
[Result "0-1"]
[WhiteElo "2325"]
[BlackElo "2575"]
[TimeControl "180+1"]
[EndTime "8:25:08 PDT"]
[Termination "ValeriyGrinev won by resignation"]

1. e4 c6 2. d4 d5 3. Nd2 dxe4 4. Nxe4 Bf5 5. Ng3 Bg6 6. Nf3 Nd7 7. h4 h6 8. h5 Bh7 9. Bd3 Bxd3 10. Qxd3 e6 11.
Bd2 Ngf6 12. O-O-O Be7 13. Ne4 Nxe4 14. Qxe4 Nf6 15.
Qe2 Qd5 16. c4 Qe4 17. Qxe4 Nxe4 18. Be3 O-O 19. g4 f5 20. Ne5 f4 21. Ng6 fxe3 22. Nxe7+ Kh7 0-1

[Event "Early-Titled-Tuesday-Blitz-May-28-2024"]
[Site "Chess.com"]
[Date "2024.05.28"]
[Round "3"]
[White "HouseOfDurin"]
[Black "Nekoo04"]
[Result "0-1"]
[WhiteElo "2227"]
[BlackElo "2423"]
[TimeControl "180+1"]
[EndTime "8:25:15 PDT"]
[Termination "Nekoo04 won by resignation"]

1. d4 Nf6 2. Bg5 Ne4 3. h4 d5 4. Nd2 c5 5. Nxe4 dxe4 6. dxc5 Qa5+ 7. c3 Qxc5 8. Qa4+ Qc6 9. Qb3 Be6 10. Qc2 h6 11.
Bd2 Bf5 12. e3 Nd7 13. O-O-O e5 14. Qb3 a6 15. Bc4 Nc5 16. Bxf7+ Ke7 17. Qd5 Nd3+ 18. Kc2 Nb4+ 19. Kb1 Nxd5 20. Bxd5 Qxd5 21. Ne2 Qd3+ 0-1

[Event "Early-Titled-Tuesday-Blitz-May-28-2024"]
[Site "Chess.com"]
[Date "2024.05.28"]
[Round "3"]
[White "jens1102"]
[Black "jlf287"]
[Result "1-0"]
[WhiteElo "2707"]
[BlackElo "2492"]
[TimeControl "180+1"]
[EndTime "8:25:27 PDT"]
[Termination "jens1102 won by resignation"]

1. c4 c6 2. e4 d5 3. exd5 cxd5 4.
d4 Nf6 5. Nc3 g6 6. Bg5 Ne4 7.
Nxe4 dxe4 8. Be2 Bg7 9. Be3 O-O 10. Nh3 Nc6 11. d5 Bxh3 12. gxh3 Ne5 13. O-O Qd7 14.
Kg2 Nf3 15. Bxf3 exf3+ 16. Qxf3 Bxb2 17. Rab1 Bf6 18. c5 Rfd8 19. Rfd1 Rac8 20. d6 Rc6 21. dxe7 Qxe7 22. Rxd8+ Qxd8 23. Rxb7 Ra6 24. c6 Be5 25.
Qxf7+ 1-0

[Event "Early-Titled-Tuesday-Blitz-May-28-2024"]
[Site "Chess.com"]
[Date "2024.05.28"]
[Round "3"]
[White "LLRChess"]
[Black "gpsji27"]
[Result "1-0"]
[WhiteElo "2570"]
[BlackElo "2310"]
[TimeControl "180+1"]
[EndTime "8:25:30 PDT"]
[Termination "LLRChess won by resignation"]

1. e4 e5 2. Nf3 Nc6 3. Bc4 Bc5 4. c3 Nf6 5. d4 exd4 6. e5 d5 7. Bb5 Ne4 8. cxd4 Bb6 9. h3 O-O 10. O-O Ne7 11. Nc3 c6 12. Bd3 f5 13. exf6 Nxf6 14. Re1 Kh8 15. Bg5 Nf5 16. Bc2 h6 17. Bf4 Bd7 18.
Ne5 Re8 19. Nf7+ 1-0

[Event "Early-Titled-Tuesday-Blitz-May-28-2024"]
[Site "Chess.com"]
[Date "2024.05.28"]
[Round "3"]
[White "rhwr"]
[Black "ChelsieMonica"]
[Result "1-0"]
[WhiteElo "2309"]
[BlackElo "2484"]
[TimeControl "180+1"]
[EndTime "8:25:30 PDT"]
[Termination "rhwr won by resignation"]

1. e4 c5 2. Nf3 e6 3. d4 cxd4 4.
Nxd4 Nc6 5. Nc3 Nf6 6. Nxc6 bxc6 7. e5 Nd5 8. Nxd5 cxd5 9. Bd3 g6 10. O-O Bg7 11. Re1 O-O 12. Qg4 d6 13. Bg5 Qc7 14. exd6 Qxd6 15. c3 e5 16. Qh4 e4 17. Bc2 Be6 18.
Be7 Qb6 19. Bxf8 Rxf8 20. Bb3 h6 21. Rad1 Qc5 22. Qf4 f5 23. Qe3 Qa5 24. Qd2 Rd8 25. f3 Kh7 26. fxe4 fxe4 27. Rxe4 dxe4 28. Qxd8 Qc5+ 29.
Kh1 Bxb3 30. axb3 e3 31. Qe8 Qg5 32. Re1 h5 33. Qxe3 Qa5 34. b4 Qb5 35. Qxa7 1-0

[Event "Early-Titled-Tuesday-Blitz-May-28-2024"]
[Site "Chess.com"]
[Date "2024.05.28"]
[Round "3"]
[White "IndianSchoolOfSuffering"]
[Black "Shankland"]
[Result "0-1"]
[WhiteElo "2533"]
[BlackElo "2980"]
[TimeControl "180+1"]
[EndTime "8:25:47 PDT"]
[Termination "Shankland won by resignation"]

1. e4 c5 2. Nf3 d6 3. h3 Nf6 4. Nc3 Nc6 5. d4 cxd4 6. Nxd4 g6 7. Be3 Bg7 8. Be2 O-O 9. O-O Bd7 10. Nb3 a6 11. a4 Be6 12. Nd4 Nxd4 13. Bxd4 Qa5 14. Bf3 Rac8 15. Re1 Nd7 16. Bxg7 Kxg7 17. Nd5 Rfe8 18.
c3 Ne5 19. b4 Qd8 20. Qd4 Rc4 21. Qd2 Bxd5 22. exd5 Qc7 23. Re3 Rc8 24. Rae1 Rxc3 25.
Bd1 Rxe3 26. Qxe3 Qc3 27. Qxc3 Rxc3 28. f4 Nc4 29. Kf2 Kf8 30. Be2 Nb6 31. b5 a5 32.
Bf3 Nxa4 33. Ra1 Rc4 34. Ke3 b6 35. Be2 Rb4 36. Rc1 Nc5 0-1

[Event "Early-Titled-Tuesday-Blitz-May-28-2024"]
[Site "Chess.com"]
[Date "2024.05.28"]
[Round "3"]
[White "Yan_Dyomin2010"]
[Black "MaiqMaster"]
[Result "0-1"]
[WhiteElo "2599"]
[BlackElo "2454"]
[TimeControl "180+1"]
[EndTime "8:25:50 PDT"]
[Termination "MaiqMaster won by resignation"]

1. e4 c5 2. Nf3 e6 3. c3 Nf6 4. e5 Nd5 5. Bc4 d6 6. d4 cxd4 7. cxd4 Be7 8. O-O O-O 9. Qe2 b6 10.
Rd1 Bb7 11. Bxd5 exd5 12. Nc3 Na6 13. Bf4 dxe5 14. dxe5 Nc7 15. Nd4 Bc5 16. Be3 Qe8 17. Qg4 Bxd4 18. Bxd4 Ne6 19. Rd2 Rc8 20. Qg3 Rc4 21.
Rad1 Nxd4 22. Rxd4 Rxd4 23. Rxd4 f6 24. Rg4 Qe7 25. f4 fxe5 26. fxe5 Qc5+ 0-1

[Event "Early-Titled-Tuesday-Blitz-May-28-2024"]
[Site "Chess.com"]
[Date "2024.05.28"]
[Round "3"]
[White "soloderisas"]
[Black "Oleksandr_Bortnyk"]
[Result "0-1"]
[WhiteElo "2631"]
[BlackElo "3011"]
[TimeControl "180+1"]
[EndTime "8:25:52 PDT"]
[Termination "Oleksandr_Bortnyk won by resignation"]

1. d4 Nf6 2. Nf3 b6 3. Bf4 Bb7 4. e3 d6 5. Be2 Nbd7 6. h3 g6 7.
O-O Bg7 8. Nbd2 O-O 9. a4 a5 10.
c3 Re8 11. Qb3 e6 12. Bh2 Ne4 13. Nxe4 Bxe4 14. Nd2 Bd5 15. c4 Bb7 16. Qa3 e5 17. Bf3 Bxf3 18. Nxf3 exd4 19. exd4 Re2 20. Rfe1 Qe7 21.
Rxe2 Qxe2 22. Re1 Qxc4 23. Bf4 Bxd4 24. Rc1 Bxf2+ 25. Kxf2 Qxf4 26. Rxc7 Nc5 27. Qe3 Qxe3+ 28. Kxe3 Nxa4 29. b3 Nc5 30. Nd4 Re8+ 31. Kf3 Re4 32. Nb5 Rb4 33. Nxd6 Rxb3+ 34. Kg4 h5+ 35. Kg5 Ne6+ 36.
Kh6 Nxc7 0-1

[Event "Early-Titled-Tuesday-Blitz-May-28-2024"]
[Site "Chess.com"]
[Date "2024.05.28"]
[Round "3"]
[White "guineo59"]
[Black "MathiasWomacka"]
[Result "1-0"]
[WhiteElo "2335"]
[BlackElo "2516"]
[TimeControl "180+1"]
[EndTime "8:25:56 PDT"]
[Termination "guineo59 won by checkmate"]

1. d4 Nf6 2. Nf3 e6 3. e3 c5 4.
Bd3 Nc6 5. c3 d5 6. O-O Bd6 7.
Nbd2 O-O 8. dxc5 Bxc5 9. e4 Qc7 10. Qe2 h6 11. a3 b6 12. b4 Bd6 13. h3 Bb7 14.
Bb2 Rad8 15. c4 dxc4 16. Nxc4 Bf4 17. e5 Nd5 18. Qe4 g6 19. g3 b5 20. Nd6 Bxe5 21. Nxe5 Qxd6 22. Nxg6 Nc3 23. Ne7+ Nxe7 24. Qh7# 1-0

[Event "Early-Titled-Tuesday-Blitz-May-28-2024"]
[Site "Chess.com"]
[Date "2024.05.28"]
[Round "3"]
[White "SharapovEvgeny"]
[Black "LileKoridze"]
[Result "1-0"]
[WhiteElo "2614"]
[BlackElo "2435"]
[TimeControl "180+1"]
[EndTime "8:25:59 PDT"]
[Termination "SharapovEvgeny won by resignation"]

1. e4 c5 2. Nf3 d6 3. d4 cxd4 4. Nxd4 Nf6 5. f3 e5 6. Nb3 Be6 7. c4 Be7 8. Nc3 O-O 9. Be3 a5 10. Nd2 Na6 11. Be2 Nd7 12. O-O Bg5 13. Bf2 f5 14. exf5 Bxf5 15. Nde4 Be7 16. Nxd6 Be6 17. Nce4 Qc7 18. Rc1 Rfd8 19. c5 Nf6 20. Bc4 Bxc4 21. Rxc4 Qc6 22. Qb3 Nxe4 23. Rxe4+ 1-0

[Event "Early-Titled-Tuesday-Blitz-May-28-2024"]
[Site "Chess.com"]
[Date "2024.05.28"]
[Round "3"]
[White "SkippingLaptop"]
[Black "Viktoker"]
[Result "0-1"]
[WhiteElo "2101"]
[BlackElo "2399"]
[TimeControl "180+1"]
[EndTime "8:26:01 PDT"]
[Termination "Viktoker won by resignation"]

1. d4 f5 2. g3 Nf6 3. Bg2 e6 4. Nf3 Be7 5. O-O d5 6. c4 Ne4 7. Nfd2 Nc6 8. Nxe4 fxe4 9. cxd5 exd5 10. Nc3 Bf6 11. e3 O-O 12. f3 exf3 13. Qxf3 Ne7 14.
Nxd5 c6 15. Nxf6+ Rxf6 16. Qe2 Rxf1+ 17. Qxf1 Be6 18. b3 Qd7 19. Bb2 Rf8 20. Qe2 Bg4 21. Qd2 h5 22. Rf1 Rxf1+ 23. Bxf1 Qf5 24. Bd3 Qf3 25. Qe2 Qxe2 0-1

[Event "Early-Titled-Tuesday-Blitz-May-28-2024"]
[Site "Chess.com"]
[Date "2024.05.28"]
[Round "3"]
[White "DarZay"]
[Black "RespectfulDaveOnYouTube"]
[Result "0-1"]
[WhiteElo "2297"]
[BlackElo "2501"]
[TimeControl "180+1"]
[EndTime "8:26:04 PDT"]
[Termination "RespectfulDaveOnYouTube won by checkmate"]

1. e4 d5 2. exd5 c6 3. dxc6 Nxc6 4. Nf3 e5 5. Bb5 Bd6 6. d4 e4 7. d5 exf3 8. dxc6 Qe7+ 9. Be3 Kf8 10. Qxf3 Nf6 11.
O-O bxc6 12. Qxc6 Bb7 13. Qc4 Rc8 14. Qa4 h5 15. Nc3 Qe5 16. g3 h4 17. Bf4 hxg3 18. fxg3 Bc5+ 19. Rf2 Bxf2+ 20. Kxf2 Rxh2+ 21. Kf1 Rh1+ 22. Kf2 Ng4# 0-1

[Event "Early-Titled-Tuesday-Blitz-May-28-2024"]
[Site "Chess.com"]
[Date "2024.05.28"]
[Round "3"]
[White "ThetNaung291"]
[Black "Kostya0705"]
[Result "0-1"]
[WhiteElo "2355"]
[BlackElo "2589"]
[TimeControl "180+1"]
[EndTime "8:26:12 PDT"]
[Termination "Kostya0705 won on time"]

1. d4 Nf6 2. Nf3 d5 3. Bf4 c5 4. e3 Nc6 5. c3 Qb6 6. Qc1 Bf5 7.
Nbd2 e6 8. Be2 h6 9. h3 Be7 10. O-O O-O 11. a3 Rac8 12. b4 cxb4 13. axb4 Nxb4 14.
Qa3 Nc6 15. Qa2 Qd8 16. Rfc1 a6 17. c4 dxc4 18. Nxc4 Nd5 19. Bg3 Ndb4 20. Qd2 b5 0-1

[Event "Early-Titled-Tuesday-Blitz-May-28-2024"]
[Site "Chess.com"]
[Date "2024.05.28"]
[Round "3"]
[White "Chessmissile07"]
[Black "bazar-wokzal"]
[Result "0-1"]
[WhiteElo "2839"]
[BlackElo "2594"]
[TimeControl "180+1"]
[EndTime "8:26:18 PDT"]
[Termination "bazar-wokzal won by resignation"]

1. a3 e5 2. c4 c6 3. g3 d5 4. cxd5 cxd5 5. d4 e4 6. Bg2 Nc6 7. Nc3 Bf5 8. Nh3 Qd7 9. Nf4 Nf6 10. h4 O-O-O 11. Be3 Kb8 12. Rc1 h6 13. Qd2 Be7 14.
b4 g5 15. Nh3 gxh4 16. gxh4 Rhg8 17. Nf4 Bd6 18. Kd1 Ne7 19. Bf1 Rc8 20. Rc2 Rc7 21.
Ng2 Ng4 22. Ke1 Rgc8 23. Bf4 e3 24. fxe3 Bxc2 0-1

[Event "Early-Titled-Tuesday-Blitz-May-28-2024"]
[Site "Chess.com"]
[Date "2024.05.28"]
[Round "3"]
[White "kleinebeer98"]
[Black "theoneandonlydaaevik"]
[Result "1-0"]
[WhiteElo "2959"]
[BlackElo "2610"]
[TimeControl "180+1"]
[EndTime "8:26:19 PDT"]
[Termination "kleinebeer98 won by resignation"]

1. e4 c5 2. Nf3 e6 3. d4 cxd4 4. Bg5 Qa5+ 5. c3 Nc6 6. Bd3 dxc3 7. Nxc3 Nf6 8. O-O Be7 9. a3 a6 10. b4 Qc7 11. Rc1 b5 12. e5 Ng4 13. Bxe7 Kxe7 14.
Re1 Bb7 15. h3 Nh6 16. Qd2 Qb6 17. Ne4 Kf8 18. Nc5 Rd8 19. Be4 Bc8 20. Red1 Ke8 21. Qg5 1-0

[Event "Early-Titled-Tuesday-Blitz-May-28-2024"]
[Site "Chess.com"]
[Date "2024.05.28"]
[Round "3"]
[White "RandomNoob04"]
[Black "shimastream"]
[Result "1/2-1/2"]
[WhiteElo "2782"]
[BlackElo "3036"]
[TimeControl "180+1"]
[EndTime "8:26:21 PDT"]
[Termination "Game drawn by repetition"]

1. e4 c6 2. d4 d5 3. exd5 cxd5 4.
c4 Nf6 5. Nc3 e6 6. Nf3 Bb4 7.
Bd3 dxc4 8. Bxc4 O-O 9. O-O b6 10.
Bg5 Bb7 11. Ne5 Nc6 12. Ba6 Bxa6 13. Nxc6 Qd6 14. Bxf6 gxf6 15. Qg4+ Kh8 16. Qh4 Qxc6 17. Qxf6+ Kg8 18. Qg5+ Kh8 19. Qf6+ Kg8 20. Qg5+ Kh8 21. Qf6+ 1/2-1/2

[Event "Early-Titled-Tuesday-Blitz-May-28-2024"]
[Site "Chess.com"]
[Date "2024.05.28"]
[Round "3"]
[White "Bob_2004"]
[Black "Lion-Al-Messi"]
[Result "1-0"]
[WhiteElo "2497"]
[BlackElo "2640"]
[TimeControl "180+1"]
[EndTime "8:26:26 PDT"]
[Termination "Bob_2004 won by resignation"]

1. d4 Nf6 2. c4 b6 3. Nc3 Bb7 4.
Qc2 d5 5. cxd5 Nxd5 6. e4 Nxc3 7. bxc3 e5 8. Bb5+ c6 9. Bc4 exd4 10. Nf3 dxc3 11.
O-O Be7 12. Rd1 Nd7 13. Qxc3 O-O 14. Bb2 Bf6 15. e5 Qc7 16. exf6 Nxf6 17. Qc2 Qf4 18. Rd4 Qh6 19. Rh4 Nh5 20. Bc1 Qg6 21. Bd3 f5 22. Ne5 Qf6 23. Rxh5 Qxe5 24. Bb2 Qe7 25. Bxf5 h6 26.
Bh7+ Kh8 27. Rxh6 Rae8 28. Bf5+ Kg8 29. Be6+ Qxe6 30. Qh7+ 1-0

[Event "Early-Titled-Tuesday-Blitz-May-28-2024"]
[Site "Chess.com"]
[Date "2024.05.28"]
[Round "3"]
[White "Kors67"]
[Black "ImportedItalianMaple"]
[Result "1-0"]
[WhiteElo "2272"]
[BlackElo "2543"]
[TimeControl "180+1"]
[EndTime "8:26:29 PDT"]
[Termination "Kors67 won by resignation"]

1. e4 g6 2. d4 Bg7 3. Nc3 d5 4. e5 f6 5. exf6 Nxf6 6. Nf3 O-O 7. Be2 Nc6 8. O-O Bg4 9. h3 Bxf3 10. Bxf3 Qd7 11.
Re1 Rae8 12. Ne2 e5 13. dxe5 Nxe5 14. Nd4 c5 15. Rxe5 Rxe5 16. Nb3 b6 17. Bf4 Ree8 18.
Bg5 Ne4 19. Bxe4 Rxe4 20. c3 Qf5 21. Be3 h5 22. a4 Kh7 23. a5 Be5 24. axb6 Rxe3 25.
Rxa7+ Kh8 26. Qd2 Rd3 27. Qh6+ 1-0

[Event "Early-Titled-Tuesday-Blitz-May-28-2024"]
[Site "Chess.com"]
[Date "2024.05.28"]
[Round "3"]
[White "chess_blitz00"]
[Black "Kielinkei"]
[Result "1-0"]
[WhiteElo "2294"]
[BlackElo "2473"]
[TimeControl "180+1"]
[EndTime "8:26:30 PDT"]
[Termination "chess_blitz00 won by resignation"]

1. b3 e5 2. Bb2 Nc6 3. e3 d5 4. Bb5 Ne7 5. Nf3 e4 6. Ne5 a6 7. Bxc6+ Nxc6 8. Nxc6 bxc6 9. d3 Bf5 10. dxe4 Bxe4 11.
f3 Bg6 12. O-O f6 13. Nc3 Bc5 14. Qd2 O-O 15. Rfe1 Re8 16. Na4 Ba7 17. Bd4 Qd6 18. Qc3 Bxd4 19. exd4 Rxe1+ 20. Rxe1 Re8 21. Nc5 Rxe1+ 22.
Qxe1 Kf7 23. c3 a5 24. a4 h5 25. Qg3 Qxg3 26. hxg3 Ke7 27. Kf2 Bc2 28. Ke3 g5 29.
Kd2 Bf5 30. Nb7 h4 31. Nxa5 hxg3 32. Nxc6+ Kd6 33. Nb4 Bh3 34. Ke3 Bxg2 35. a5 Bh3 36. a6 Bc8 37. a7 Bb7 38. Nd3 f5 39. f4 g4 40. Ne1 Kc6 41. Ng2 Kb6 42. Nh4 Kxa7 43.
Nxf5 g2 44. Kf2 Kb6 45. Kxg2 c5 46. Kg3 cxd4 47. Nxd4 Bc8 48. f5 Kc5 49. Kxg4 Kd6 50. Kf4 Bd7 51. b4 Bc8 52. Kg5 Ke7 53. f6+ Kf7 54.
Nc6 Bh3 55. Ne5+ Ke6 56. f7 Ke7 57. Kg6 Kf8 58. Kf6 1-0

[Event "Early-Titled-Tuesday-Blitz-May-28-2024"]
[Site "Chess.com"]
[Date "2024.05.28"]
[Round "3"]
[White "TomLiu777"]
[Black "Polish_fighter3000"]
[Result "0-1"]
[WhiteElo "2372"]
[BlackElo "3105"]
[TimeControl "180+1"]
[EndTime "8:26:33 PDT"]
[Termination "Polish_fighter3000 won by resignation"]

1. c4 b6 2. d4 Bb7 3. Nc3 e6 4. e4 Bb4 5. Qc2 Qh4 6. Bd3 Bxc3+ 7. bxc3 f5 8. Nf3 Qg4 9. d5 Qxg2 10. Rg1 Qxf3 11.
exf5 Na6 12. Bg5 Nc5 13. Be2 Qxf5 14. Qd2 Nf6 15. dxe6 O-O-O 16. Bxf6 Qxf6 17. exd7+ Kb8 18. O-O-O Rxd7 19. Qe3 Re7 20. Qd2 Ne4 21. Qc2 Nxc3 22. Bd3 Nxd1 23. Rxd1 Rd8 24. c5 Bf3 0-1

[Event "Early-Titled-Tuesday-Blitz-May-28-2024"]
[Site "Chess.com"]
[Date "2024.05.28"]
[Round "3"]
[White "Alexchess1984"]
[Black "Masterbeaterr"]
[Result "0-1"]
[WhiteElo "2618"]
[BlackElo "2463"]
[TimeControl "180+1"]
[EndTime "8:26:35 PDT"]
[Termination "Masterbeaterr won by resignation"]

1. d4 d5 2. Bf4 c5 3. e3 cxd4 4. exd4 Nc6 5. c3 f6 6. Nf3 g5 7. Nxg5 fxg5 8. Qh5+ Kd7 9. Bxg5 Qe8 10. Qf3 e6 11. Nd2 Bg7 12. g3 Nge7 13. Bh3 Qg6 14. Bf4 Rf8 15. Nb3 b6 16. O-O Bh6 17. Kh1 Bxf4 18.
gxf4 Qh6 19. Rae1 Nf5 20. Rg1 Kc7 21. Nc1 Bd7 22. Nd3 Rg8 23. Ne5 Nxe5 24. dxe5 Bc6 25. Bxf5 exf5 0-1

[Event "Early-Titled-Tuesday-Blitz-May-28-2024"]
[Site "Chess.com"]
[Date "2024.05.28"]
[Round "3"]
[White "GMMikhailKazakov"]
[Black "Makswolf200817"]
[Result "1-0"]
[WhiteElo "2522"]
[BlackElo "2748"]
[TimeControl "180+1"]
[EndTime "8:26:36 PDT"]
[Termination "GMMikhailKazakov won by resignation"]

1. d4 d5 2. Nf3 Nf6 3. g3 Bg4 4.
Bg2 e6 5. O-O Be7 6. Ne5 Bf5 7. c4 c6 8. Qb3 Qb6 9. Nc3 Qxd4 10.
Qxb7 Qxe5 11. Bf4 Qd4 12. Qxa8 O-O 13. Bxb8 Qb6 14. Qxa7 Rxb8 15. Qxe7 Qxb2 16. Rab1 Bxb1 17. Rxb1 Qxb1+ 18. Nxb1 Rxb1+ 19. Bf1 h6 20. cxd5 cxd5 21. a4 Ne4 22. a5 Ra1 23. Qe8+ Kh7 24. Qxf7 Nd2 25. Qxe6 Nxf1 26. Kg2 Nd2 27. Qxd5 Nb1 28. a6 1-0

[Event "Early-Titled-Tuesday-Blitz-May-28-2024"]
[Site "Chess.com"]
[Date "2024.05.28"]
[Round "3"]
[White "toninhojit"]
[Black "penguingm1"]
[Result "0-1"]
[WhiteElo "2531"]
[BlackElo "2965"]
[TimeControl "180+1"]
[EndTime "8:26:37 PDT"]
[Termination "penguingm1 won by resignation"]

1. d4 d5 2. c4 e6 3. Nc3 Be7 4. cxd5 exd5 5. Bf4 c6 6. e3 Bf5 7. g4 Be6 8. h4 Nd7 9. g5 h6 10. gxh6 Nxh6 11. Nf3 Bg4 12. Be2 Nf5 13. Qd2 Bxf3 14. Bxf3 Nxh4 15. O-O-O Nf8 16. Bg4 Bd6 17. e4 Bxf4 18.
Qxf4 Nfg6 19. Qe3 Kf8 20. e5 Rh6 21. f4 Ng2 22. Qg3 N2xf4 23. Rxh6 gxh6 24. Kb1 Qg5 25. Qf3 h5 26. Bd7 Ke7 27. Bh3 Nh4 28. Qf1 Nxh3 29. Qxh3 Qf5+ 30. Qxf5 Nxf5 31. Ne2 h4 32. Rf1 Ng3 0-1

[Event "Early-Titled-Tuesday-Blitz-May-28-2024"]
[Site "Chess.com"]
[Date "2024.05.28"]
[Round "3"]
[White "JanMur7"]
[Black "rookpower2004"]
[Result "1-0"]
[WhiteElo "2275"]
[BlackElo "2497"]
[TimeControl "180+1"]
[EndTime "8:26:38 PDT"]
[Termination "JanMur7 won by resignation"]

1. c4 e6 2. Nc3 d5 3. d4 Be7 4. Nf3 Nf6 5. Bg5 h6 6. Bh4 O-O 7. e3 b6 8. cxd5 Nxd5 9. Bxe7 Qxe7 10. Nxd5 exd5 11. Bd3 Be6 12. Rc1 c5 13. dxc5 bxc5 14.
O-O Nd7 15. Qa4 Nb6 16. Qa3 Rfc8 17. h3 Rc7 18. Ba6 Qf6 19. Rxc5 Rxc5 20. Qxc5 Bxh3 21.
Qd4 Qg6 22. Nh4 Qg5 23. Rc1 Re8 24. Qf4 Qxf4 25. exf4 Bd7 26. Nf3 Re2 27. Bxe2 Kf8 28. Ne5 Ke7 29. Nxd7 Kxd7 30. b3 Kd6 31. Bg4 g6 32. f5 g5 33. f6 Ke5 34. Rc7 Kxf6 35. Rxa7 Ke5 36. Rb7 Na8 37. Ra7 Nb6 38. Ra6 d4 39.
Rxb6 d3 40. Kf1 d2 41. Ke2 f5 42. Bxf5 Kxf5 43. Rxh6 1-0

[Event "Early-Titled-Tuesday-Blitz-May-28-2024"]
[Site "Chess.com"]
[Date "2024.05.28"]
[Round "3"]
[White "Jojo_898"]
[Black "Ati1517"]
[Result "0-1"]
[WhiteElo "2434"]
[BlackElo "2276"]
[TimeControl "180+1"]
[EndTime "8:26:38 PDT"]
[Termination "Ati1517 won by resignation"]

1. e4 c5 2. Nf3 d6 3. c3 Nf6 4. Bd3 Nc6 5. h3 e5 6. Bc2 d5 7. exd5 Qxd5 8. O-O Be6 9. Re1 Bd6 10.
d3 Bc7 11. Bb3 Qd7 12. Bxe6 fxe6 13. Be3 b6 14. Na3 O-O 15. Nc4 b5 16. Na3 b4 17.
Nc2 Rfd8 18. Bxc5 bxc3 19. bxc3 Qxd3 20. Qxd3 Rxd3 21. c4 e4 22. Ng5 Rc3 23. Ne3 e5 24.
Rab1 h6 25. Ne6 Bb6 26. Bxb6 axb6 27. Rxb6 Nd4 28. Rb7 Nxe6 29. Re7 Nd4 30. Rxe5 Rxa2 31. Rd5 Ne2+ 32. Kf1 Nf4 33. Rf5 Nd3 34. Rb1 Rc1+ 35. Rxc1 Nxc1 36. c5 Ra1 37. c6 Nb3+ 0-1

[Event "Early-Titled-Tuesday-Blitz-May-28-2024"]
[Site "Chess.com"]
[Date "2024.05.28"]
[Round "3"]
[White "Diego_FloresQ"]
[Black "highlama"]
[Result "1-0"]
[WhiteElo "2606"]
[BlackElo "2402"]
[TimeControl "180+1"]
[EndTime "8:26:39 PDT"]
[Termination "Diego_FloresQ won by resignation"]

1. d4 g6 2. h4 h5 3. e4 Bg7 4.
Be3 d5 5. Nc3 dxe4 6. Nxe4 Nd7 7.
Nf3 Nh6 8. Bc4 Nf5 9. Qd2 Nxe3 10. Qxe3 O-O 11. O-O-O e6 12. Nfg5 Nf6 13. f3 b5 14.
Bxb5 Rb8 15. Bc4 Nd5 16. Qd2 c5 17. Nxc5 Qb6 18. Bb3 a5 19. g4 Nf6 20. Nge4 Nxe4 21. fxe4 hxg4 22. h5 Rd8 23. hxg6 Rxd4 24. gxf7+ Kf8 25.
Qf4 e5 26. Qg5 Rxd1+ 27. Rxd1 Bh6 28. Rd8+ Qxd8 29. Qxh6+ Ke7 30. Qg5+ 1-0

[Event "Early-Titled-Tuesday-Blitz-May-28-2024"]
[Site "Chess.com"]
[Date "2024.05.28"]
[Round "3"]
[White "Susal_De_Silva"]
[Black "Felix-Rose"]
[Result "1-0"]
[WhiteElo "2608"]
[BlackElo "2324"]
[TimeControl "180+1"]
[EndTime "8:26:42 PDT"]
[Termination "Susal_De_Silva won by resignation"]

1. e4 e5 2. Nf3 Nc6 3. Bc4 Nf6 4. d3 Bc5 5. c3 d6 6. O-O a5 7. Bb3 h6 8. Nbd2 Be6 9. Re1 O-O 10. Nf1 Qd7 11.
Ng3 Rfe8 12. a4 Ne7 13. h3 Bxb3 14. Qxb3 Ng6 15. Nf5 c6 16. Be3 Bxe3 17. Rxe3 d5 18. N3h4 Nxh4 19. Nxh4 Rad8 20. Rae1 d4 21. cxd4 Qxd4 22.
Rg3 Qb4 23. Qd1 Nh5 24. Qxh5 Qxe1+ 25. Kh2 Rd6 26. Nf5 Rg6 27. Rxg6 fxg6 28. Qxg6 1-0

[Event "Early-Titled-Tuesday-Blitz-May-28-2024"]
[Site "Chess.com"]
[Date "2024.05.28"]
[Round "3"]
[White "pirulillo"]
[Black "mangochessgo"]
[Result "0-1"]
[WhiteElo "2354"]
[BlackElo "2588"]
[TimeControl "180+1"]
[EndTime "8:26:45 PDT"]
[Termination "mangochessgo won by resignation"]

1. e4 Nf6 2. e5 Nd5 3. d4 d6 4.
c4 Nb6 5. exd6 cxd6 6. Nc3 g6 7. Be3 Bg7 8. Rc1 O-O 9. b3 Bf5 10. Be2 Re8 11. Nf3 d5 12. c5 Nc8 13. b4 a6 14. O-O Nc6 15. Qb3 Be4 16. Rfd1 Bxf3 17.
Bxf3 e6 18. a4 N8e7 19. b5 Na5 20. Qb4 Nc4 21. Be2 Nxe3 22. fxe3 Nf5 23. Rd3 Bh6 24. Nd1 axb5 25. axb5 Ra2 26. Bg4 Nxe3 27. Nxe3 Qh4 28. c6 Bxe3+ 29. Rxe3 Qf2+ 0-1

[Event "Early-Titled-Tuesday-Blitz-May-28-2024"]
[Site "Chess.com"]
[Date "2024.05.28"]
[Round "3"]
[White "Javylavilla"]
[Black "Shushik"]
[Result "1-0"]
[WhiteElo "2336"]
[BlackElo "2555"]
[TimeControl "180+1"]
[EndTime "8:26:50 PDT"]
[Termination "Javylavilla won by resignation"]

1. e4 c5 2. Nf3 d6 3. d4 cxd4 4. Nxd4 Nf6 5. Nc3 a6 6. Bg5 Nbd7 7. f4 Qc7 8. Qf3 h6 9. Bh4 g5 10. fxg5 hxg5 11. Bxg5 Qc5 12. Be3 Ne5 13. Qe2 Neg4 14. Nf5 Nxe3 15. Nxe3 Bh6 16. Ned5 Ng4 17. h3 Bg5 18. b4 Bh4+ 19. Kd1 Qd4+ 20. Kc1 Kd8 21. hxg4 Bg5+ 22. Kb2 Rxh1 23. Rd1 Qe5 24. Qc4 Bd7 25.
Qc7+ Ke8 26. Qxb7 Rc8 27. Bb5 axb5 28. Rxh1 Bd2 29. Rh3 Bxg4 30. Rh8+ 1-0

[Event "Early-Titled-Tuesday-Blitz-May-28-2024"]
[Site "Chess.com"]
[Date "2024.05.28"]
[Round "3"]
[White "JonasEilenberg"]
[Black "Redbandit87"]
[Result "1-0"]
[WhiteElo "2608"]
[BlackElo "2399"]
[TimeControl "180+1"]
[EndTime "8:26:53 PDT"]
[Termination "JonasEilenberg won by resignation"]

1. d4 d5 2. c4 e6 3. Nc3 Nf6 4. Bg5 Be7 5. Nf3 O-O 6. e3 c6 7. Qc2 Nbd7 8. Rd1 Re8 9. Be2 b6 10. O-O Bb7 11. b3 Rc8 12. cxd5 exd5 13. Bd3 Ne4 14.
Bxe7 Qxe7 15. Bxe4 dxe4 16. Nd2 c5 17. d5 f5 18. Nc4 Ne5 19. d6 Qd7 20. Ne2 Ba6 21. Nf4 Bxc4 22. bxc4 Rc6 23. Qd2 h6 24. Qd5+ Kh7 25. f3 g5 26. Nh5 Kg6 27. Ng3 exf3 28. gxf3 Re6 29. e4 f4 30. Nf5 Nf7 31. Ne7+ Rxe7 32.
dxe7 Qxd5 33. cxd5 Rc8 34. d6 Ne5 35. d7 Nxd7 36.
Rxd7 Kf6 37. Rd8 1-0